 Dungeon Crawl Stone Soup version 0.25.1-2-g60ff931df9 (webtiles) character file.

Game seed: 6951812504825908475

912 Exodus22XD the Slasher (level 8, -1/91 HPs)
             Began as a Human Berserker on Oct 31, 2020.
             Was an Elder of Trog.
             Slain by a gnoll
             ... wielding a +0 club
              (2 damage)
             ... on level 5 of the Dungeon.
             The game lasted 00:05:10 (5054 turns).

Exodus22XD the Slasher (Human Berserker)            Turns: 5054, Time: 00:05:11

Health: -1/91      AC: 15    Str: 22    XL:     8   Next: 30%
Magic:  0/8        EV: 10    Int:  7    God:    Trog [****..]
Gold:   266        SH:  0    Dex: 16    Spells: 7/7 levels left

rFire    . . .     SeeInvis .   a - +0 falchion
rCold    + . .     Gourm    .   (no shield)
rNeg     . . .     Faith    .   q - +3 chain mail of Amorality {rC+ MR+ Str+3 Dex+2}
rPois    .         Spirit   +   (no helmet)
rElec    .         Reflect  .   (no cloak)
rCorr    .         Harm     .   k - +0 pair of gloves
MR       +....                  j - +0 pair of boots
Stlth    ..........             f - amulet of guardian spirit
HPRegen  0.25/turn              (no ring)
MPRegen  0.11/turn              (no ring)

@: berserking (expiring), very quick
A: no striking features
a: Berserk, Trog's Hand, Brothers in Arms, Renounce Religion


You were on level 5 of the Dungeon.
You worshipped Trog.
Trog was greatly pleased with you.
You were very hungry.

You visited 1 branch of the dungeon, and saw 5 of its levels.

You collected 266 gold pieces.

Inventory:

Hand Weapons
 a - a +0 falchion (weapon)
 r - a +0 rapier
Armour
 j - a +0 pair of boots (worn)
 k - a +0 pair of gloves (worn)
 q - the +3 chain mail of Amorality (worn) {rC+ MR+ Str+3 Dex+2}
   (You found it on level 4 of the Dungeon)

   It affects your strength (+3).
   It affects your dexterity (+2).
   It protects you from cold.
   It affects your resistance to hostile enchantments.
Jewellery
 f - an amulet of guardian spirit (around neck)
Scrolls
 b - 4 scrolls of teleportation {unknown}
 d - a scroll of blinking {unknown}
 e - 2 scrolls of enchant weapon {unknown}
 i - 7 scrolls of identify {unknown}
 l - 3 scrolls of remove curse {unknown}
 m - 2 scrolls of amnesia {unknown}
 n - 2 scrolls of fog {unknown}
 o - a scroll of enchant armour {unknown}
 p - a scroll of magic mapping {unknown}
Potions
 g - a potion of stabbing {unknown}
 h - a potion of curing {unknown}
Comestibles
 c - 6 rations
 s - 5 chunks of flesh


   Skills:
 + Level 4.8 Fighting
 + Level 6.8 Long Blades
 + Level 4.5 Armour
 + Level 3.4 Dodging
 - Level 1.0 Stealth


You had 7 spell levels left.
You didn't know any spells.
Your spell library was empty.

Dungeon Overview and Level Annotations

Branches:
Dungeon (5/15)
 Temple: D:4-7

Altars:
Sif Muna


Message History

The gnoll hits you with a +0 club.
* * * LOW HITPOINT WARNING * * *
Your chain mail of Amorality prevents you from hitting the orc warrior.
The orc warrior is severely wounded.
The gnoll barely misses you.
You hit the orc warrior but do no damage.
The orc warrior is severely wounded.
The orc warrior hits you with a +0 trident!
* * * LOW HITPOINT WARNING * * *
The orc closely misses you. The gnoll misses you.
You hit the orc warrior but do no damage.
The orc warrior is severely wounded.
The gnoll barely misses you.
You riposte.
You hit the gnoll.
The gnoll is moderately wounded.
The orc hits you with a +0 short sword.
* * * LOW HITPOINT WARNING * * *
The orc warrior hits you with a +0 trident!
* * * LOW HITPOINT WARNING * * *
The gnoll hits you with a +0 club.
You die...

##....# #.....# ##.....#
'.....# #.....# #.....#
#oo...# #.@g..# #gg...+
#.g...# #...#.....# ....
#...#.)...##### ...
#...#.......... ## #.#
#...#.........<
#.##.####...#.รท........
#...........#).........


You could see an orc warrior, 4 gnolls and an orc.

Vanquished Creatures
  2 sky beasts (D:5)
  An ogre (D:5)
  A scorpion (D:5)
  A howler monkey (D:5)
  A jelly (D:5)
  A bullfrog zombie (D:5)
  A centaur zombie (D:5)
  2 hounds
  An orc priest (D:3)
  2 orc wizards (D:3)
  An iguana (D:5)
  4 worker ants
  6 adders
  2 adder skeletons
  4 worms
  3 dart slugs
  5 leopard geckos
  12 orcs
  3 ball pythons
  5 bats
  9 giant cockroaches
  10 goblins
  6 hobgoblins
  10 jackals
  4 quokkas
  A frilled lizard (D:4)
  8 kobolds
  6 rats (D:1)
112 creatures vanquished.

Notes
Turn   | Place    | Note
-------+----------+-------------------------------------------
     0 | D:1      | Exodus22XD the Human Berserker began the quest for the Orb.
     0 | D:1      | Reached XP level 1. HP: 18/18 MP: 1/1
   195 | D:1      | Reached XP level 2. HP: 24/24 MP: 2/2
   615 | D:1      | Reached XP level 3. HP: 27/29 MP: 3/3
   735 | D:1      | Reached ** piety under Trog
  1232 | D:2      | Reached XP level 4. HP: 36/36 MP: 4/4
  1302 | D:2      | Found a shimmering blue altar of Sif Muna.
  1885 | D:2      | Reached skill level 4 in Long Blades
  2416 | D:3      | Reached XP level 5. HP: 33/42 MP: 3/5
  2537 | D:3      | Reached *** piety under Trog
  2672 | D:3      | Reached XP level 6. HP: 15/48 MP: 1/6
  3290 | D:4      | Reached skill level 5 in Long Blades
  3392 | D:4      | Got a fine chain mail
  3403 | D:4      | Identified the +3 chain mail of Amorality {rC+ MR+ Str+3
                  | Dex+2} (You found it on level 4 of the Dungeon)
  3479 | D:4      | Reached **** piety under Trog
  4048 | D:4      | Reached XP level 7. HP: 49/54 MP: 7/7
  4198 | D:5      | Entered Level 5 of the Dungeon
  4690 | D:5      | Reached skill level 1 in Stealth
  4756 | D:5      | Reached skill level 6 in Long Blades
  4831 | D:5      | Reached XP level 8. HP: 42/61 MP: 5/8
  5054 | D:5      | HP: 1/91 [orc warrior/+0 trident (10)]
  5054 | D:5      | Slain by a gnoll

Illustrated notes

Levels and vault maps discovered:
D:1:      dpeg_arrival_shelter, layout_loops_corners, serial_bayou_pond_e,
          minmay_misc_feat_rugged
D:2:      layout_basic, led_sif_pool
D:3:      layout_rooms
D:4:      layout_loops_ring, kennysheep_generic_room_8
D:5:      layout_gridville, grunt_temple_overflow_opulence, first_ration,
          chequers_serial_rivers_room_b

Skill      XL: |  1  2  3  4  5  6  7 |
---------------+----------------------+-----
Long Blades    | 4 5 6 |  6.8
Dodging        | 3 |  3.4
Armour         | 3 4 |  4.5
Fighting       | 4 |  4.8
Stealth        | 1 |  1.0

Action                   |  1- 3 |  4- 6 |  7- 9 || total
-------------------------+-------+-------+-------++-------
Melee: Falchion          |    76 |   295 |   214 ||   585
Invok: Berserk           |       |     1 |     1 ||     2
 Stab: Sleeping          |     1 |       |       ||     1
  Eat: Chunk             |     1 |     7 |       ||     8
       Ration            |       |     1 |     1 ||     2
Armor: Animal skin       |     3 |       |       ||     3
       Scale mail        |    19 |   137 |       ||   156
       Chain mail        |       |    34 |   137 ||   171
Dodge: Dodged            |    65 |   219 |    84 ||   368
       Rpst.: Falchion   |    25 |    75 |    27 ||   127
